Map: Prion Terraces

Players

Nerchio

  • Race: Zerg Zerg

Polt - Winner!

  • Race: Terran Terran

Event: 2016 WCS Winter Circuit Championship

VOD

Have the link to the VOD?

Description

Time

  • Played on: March 5, 2016, 6:19 a.m.
  • Length: 7:09

All games in this series

Show
View Real Time Build Order
Export as new Build Order

Nerchio Zerg 

Build Orders: Pool First 

Get SALT Encoding   

  12  0:01  Drone  
  13  0:12  Overlord  
  13  0:17  Drone  
  14  0:30  Drone x2  
  14  0:34  Drone  
  17  0:46  Spawning Pool  
  17  0:47  Drone  
  17  0:55  Drone  
  18  1:11  Hatchery  
  17  1:14  Drone  
  17  1:17  Drone  
  19  1:21  Extractor  
  18  1:32  Queen  
  18  1:33  Zergling x2  
  18  1:38  Drone  
  22  1:49  Overlord  
  22  2:07  Drone  
  23  2:08  Queen  
  23  2:11  Drone  
  26  2:22  Metabolic Boost  
  26  2:25  Drone x2  
  28  2:32  Drone  
  28  2:34  Drone  
  30  2:39  Drone  
  30  2:40  Drone  
  30  2:41  Drone  
  32  2:48  Hatchery  
  32  2:50  Drone  
  32  2:52  Drone  
  32  2:54  Drone  
  32  2:58  Overlord  
  34  3:03  Extractor  
  34  3:05  Drone  
  34  3:06  Drone  
  35  3:14  Drone  
  35  3:15  Drone, Roach Warren  
  35  3:17  Drone  
  35  3:18  Drone  
  39  3:20  Zergling x2  
  39  3:26  Queen  
  41  3:29  Overlord  
  41  3:32  Zergling x2  
  42  3:37  Drone x2  
  42  3:38  Extractor  
  43  3:42  Drone  
  43  3:43  Overlord  
  43  3:45  Overlord  
  44  3:50  Drone x3  
  47  4:01  Roach x4  
  55  4:03  Roach  
  55  4:08  Lair  
  57  4:11  Roach  
  59  4:17  Evolution Chamber  
  59  4:20  Drone  
  59  4:21  Drone x2  
  59  4:22  Drone x3  
  59  4:23  Drone  
  65  4:26  Overlord  
  65  4:32  Evolution Chamber  
  65  4:36  Drone x4  
  68  4:38  Overlord  
  68  4:40  Extractor  
  67  4:45  Zerg Missile Weapons Level 1  
  67  4:46  Roach x2  
  67  4:48  Roach  
  73  4:53  Roach x2  
  76  5:00  Zerg Ground Armor Level 1  
  76  5:03  Roach x2  
  76  5:04  Roach  
  82  5:09  Glial Reconstitution  
  82  5:12  Roach  
  84  5:14  Overlord  
  84  5:15  Overlord  
  84  5:16  Roach x2  
  89  5:28  Drone x2  
  89  5:29  Overlord  
  89  5:30  Overlord  
  89  5:34  Roach x5  
  89  5:35  Roach  
  102  5:42  Roach x2  
  106  5:47  Overlord x2  
  106  5:49  Overlord x2  
  104  5:56  Roach x2  
  99  5:57  Roach  
  99  5:59  Roach x2  
  99  6:02  Roach  
  97  6:04  Roach  
  97  6:07  Roach  
  97  6:08  Roach  
  97  6:10  Roach  
  89  6:11  Roach  
  89  6:14  Roach  
  89  6:16  Roach  
  89  6:18  Roach  
  78  6:20  Roach  
  78  6:22  Roach  
  69  6:28  Roach  
  69  6:32  Roach x2  
  53  6:40  Roach  
  53  6:42  Roach  
  53  6:43  Roach  
Show
View Real Time Build Order
Export as new Build Order

Polt Terran - Winner!

Build Orders: Command Center First (CC), MMM Bio 

Get SALT Encoding   

  12  0:00  SCV  
  13  0:12  SCV  
  14  0:17  Supply Depot  
  14  0:25  SCV  
  15  0:38  SCV  
  16  0:50  SCV  
  17  0:59  Command Center  
  17  1:03  SCV  
  18  1:11  Barracks  
  18  1:15  SCV  
  19  1:27  SCV  
  19  1:30  Barracks  
  20  1:39  SCV  
  21  1:40  Refinery  
  21  1:51  SCV  
  21  1:53  Refinery  
  22  2:04  Marine  
  22  2:05  Orbital Command  
  23  2:11  Orbital Command  
  23  2:23  Bunker, Marine x2  
  25  2:30  SCV  
  25  2:43  SCV  
  26  2:44  SCV  
  26  2:49  Factory, Barracks Reactor  
  26  2:50  Barracks Tech Lab  
  27  2:55  SCV  
  27  2:56  SCV  
  29  2:58  Supply Depot  
  29  3:05  Supply Depot  
  29  3:07  SCV  
  29  3:08  SCV  
  29  3:09  Marine  
  29  3:12  Stimpack  
  32  3:18  Barracks  
  32  3:20  SCV x2  
  34  3:27  Engineering Bay  
  34  3:32  SCV  
  34  3:33  SCV  
  37  3:36  Marine  
  37  3:42  Hellion x2, Barracks Reactor  
  37  3:47  Supply Depot  
  41  3:51  Supply Depot  
  43  3:55  Marauder  
  43  3:56  Terran Infantry Weapons Level 1  
  43  4:03  Hellion x2  
  43  4:05  Barracks Tech Lab  
  43  4:09  Supply Depot  
  47  4:14  Supply Depot  
  49  4:17  Marauder  
  49  4:18  Marine x2  
  51  4:25  Hellion x2, Marauder  
  51  4:26  Combat Shields  
  51  4:31  Supply Depot  
  57  4:37  Marine x2, Armory  
  59  4:44  Supply Depot  
  59  4:45  Marauder  
  61  4:50  Hellion x2  
  61  4:51  Marauder  
  67  4:56  Marine x2  
  69  5:06  Marauder  
  71  5:11  Hellion x2  
  71  5:12  Marauder  
  71  5:14  Marine x2  
  77  5:16  Concussive Shells  
  77  5:17  Starport  
  79  5:28  Marauder  
  81  5:31  Marine x2  
  81  5:33  Marauder  
  81  5:35  Hellion x2  
  89  5:49  Marauder, Marine x2  
  91  5:55  Marauder  
  91  5:56  Hellion x2  
  93  5:58  Medivac  
  92  6:07  Marine x2  
  92  6:11  Marauder  
  89  6:16  Marauder  
  91  6:18  Hellion x2  
  91  6:25  Marine x2  
  90  6:29  SCV x2  
  90  6:30  Refinery x2  
  90  6:32  Marauder  
  92  6:37  Marauder  
  93  6:43  Marine x2  
  93  6:45  Hellion x2  
  98  6:52  SCV x2  
Tags
 
Add a new tag
Caveats
  • Supply blocks, unpowered buildings, or Contaminate may cause inaccurate times.
  • Supply counts are checked every 10 seconds.